Map: Orbital Shipyard

Players

Avacom

  • Race: Terran Terran
  • League: Grandmaster

Javert - Winner!

  • Race: Zerg Zerg
  • League: Grandmaster

VOD

Have the link to the VOD?

Description

Time

  • Played on: Sept. 19, 2015, 9:32 p.m.
  • Length: 15:55
Show
View Real Time Build Order
Export as new Build Order

Avacom Terran 

Build Orders: Mech 

Get SALT Encoding   

  12  0:00  SCV  
  13  0:12  SCV  
  14  0:18  Supply Depot  
  14  0:25  SCV  
  15  0:39  SCV  
  15  0:41  Barracks  
  16  0:51  SCV  
  17  1:04  SCV  
  18  1:14  Command Center  
  18  1:17  SCV  
  19  1:29  Orbital Command  
  19  1:34  Refinery  
  19  1:38  Refinery  
  19  1:39  Marine  
  20  1:55  SCV  
  20  1:57  Supply Depot  
  21  2:07  SCV  
  22  2:24  Factory  
  22  2:27  Barracks Tech Lab  
  22  2:28  SCV  
  22  2:29  Orbital Command  
  23  2:35  Orbital Command  
  23  2:40  SCV  
  24  2:52  Command Center, SCV  
  25  3:01  SCV  
  25  3:04  SCV  
  27  3:11  Starport  
  27  3:18  Siege Tank  
  29  3:20  Marine  
  29  3:23  SCV x2  
  32  3:31  Refinery  
  32  3:35  SCV x2  
  32  3:38  Marine  
  32  3:41  Factory  
  35  3:47  SCV x2  
  37  3:54  Viking  
  39  3:55  Marine  
  39  3:59  SCV x2  
  42  4:04  Supply Depot  
  42  4:05  SCV  
  42  4:09  Siege Tank  
  46  4:11  SCV x2  
  46  4:13  Marine  
  49  4:17  Orbital Command  
  49  4:23  SCV, Armory  
  50  4:25  SCV  
  50  4:27  Refinery  
  51  4:35  SCV, Factory Reactor  
  51  4:37  Starport Tech Lab  
  52  4:39  SCV, Marine  
  54  4:47  SCV  
  54  4:51  SCV, Orbital Command  
  56  4:59  SCV  
  57  5:00  Raven  
  57  5:02  Supply Depot  
  57  5:03  SCV  
  60  5:09  Siege Tank  
  60  5:10  Marine  
  60  5:12  SCV, Hellion x2  
  69  5:16  Supply Depot, Terran Vehicle Weapons Level 1  
  69  5:23  SCV x2  
  69  5:24  SCV  
  69  5:25  Supply Depot  
  69  5:27  Marine  
  73  5:30  Supply Depot  
  73  5:31  Refinery  
  73  5:32  Infernal Pre-Igniter  
  73  5:33  Hellion x2  
  77  5:37  SCV x2  
  77  5:38  SCV  
  77  5:42  Hellion, Factory  
  82  5:49  SCV x2  
  84  5:50  SCV  
  84  5:52  Engineering Bay  
  84  5:55  Hellion  
  87  5:58  Marine  
  87  6:01  SCV x2  
  87  6:03  Hellion x2  
  94  6:15  SCV, Marine  
  94  6:16  Hellion  
  94  6:17  SCV, Supply Depot  
  99  6:22  Liberator  
  99  6:24  SCV  
  99  6:25  Starport  
  100  6:26  Missile Turret  
  100  6:27  SCV  
  100  6:29  Missile Turret  
  100  6:31  Missile Turret  
  101  6:34  Refinery  
  101  6:38  Supply Depot  
  101  6:39  SCV x3, Factory Reactor  
  107  6:42  Supply Depot  
  107  6:45  Hellion  
  109  6:52  Supply Depot  
  109  6:55  Supply Depot  
  109  6:56  Armory  
  109  7:00  SCV x3, Hellion  
  116  7:01  Supply Depot, Missile Turret  
  114  7:11  Missile Turret  
  114  7:12  SCV x3  
  114  7:13  Factory Tech Lab  
  114  7:15  Thor  
  119  7:17  Missile Turret  
  119  7:19  Missile Turret  
  117  7:24  SCV x3  
  120  7:32  Marine  
  120  7:33  Missile Turret  
  120  7:36  SCV x3  
  123  7:39  Liberator x2  
  123  7:40  Liberator  
  119  7:48  SCV  
  119  7:50  Thor  
  119  7:51  Thor  
  132  7:52  SCV  
  132  7:55  SCV, Missile Turret  
  132  7:58  Thor  
  141  8:16  Marine  
  142  8:20  SCV, Supply Depot  
  142  8:25  Liberator x2  
  143  8:27  SCV  
  143  8:28  Terran Vehicle Weapons Level 2  
  143  8:30  Terran Vehicle And Ship Armor Level 1  
  144  8:38  SCV, Orbital Command  
  149  8:42  Supply Depot, Hellion  
  149  8:44  Supply Depot x2, SCV  
  149  8:47  Marine, Liberator  
  156  8:50  SCV  
  157  8:57  Hellion  
  157  8:58  Hellion  
  157  9:04  Siege Tank  
  157  9:05  Marine  
  157  9:07  Liberator  
  164  9:19  Hellion x2  
  164  9:22  Marine  
  164  9:23  SCV  
  170  9:28  SCV  
  174  9:39  Command Center  
  174  9:40  Marine  
  174  9:42  Thor  
  181  10:06  Supply Depot  
  181  10:07  SCV x2, Supply Depot  
  181  10:10  Liberator  
  181  10:11  Liberator  
  181  10:18  Starport Tech Lab  
  181  10:21  Supply Depot  
  181  10:27  Supply Depot, Siege Tank, SCV, Marine  
  189  10:29  Hellion  
  194  10:37  SCV x2  
  194  10:39  Siege Tank  
  196  10:48  Marine  
  182  10:59  Siege Tank  
  152  11:04  Banshee  
  152  11:06  Marine  
Show
View Real Time Build Order
Export as new Build Order

Javert Zerg - Winner!

Build Orders: Hatch First 

Get SALT Encoding   

  12  0:01  Drone  
  13  0:15  Overlord  
  13  0:18  Drone  
  14  0:33  Drone x2  
  16  0:38  Drone  
  17  0:55  Drone  
  18  0:57  Hatchery  
  18  1:01  Drone  
  18  1:08  Extractor  
  17  1:12  Drone  
  18  1:18  Spawning Pool  
  18  1:20  Drone  
  18  1:32  Drone  
  19  1:42  Drone  
  20  1:52  Overlord  
  20  2:03  Drone  
  20  2:08  Queen  
  21  2:10  Queen  
  21  2:11  Metabolic Boost  
  25  2:16  Zergling x4  
  27  2:24  Drone  
  28  2:36  Hatchery  
  27  2:45  Roach Warren  
  27  2:49  Queen  
  28  3:03  Drone x5  
  33  3:07  Drone  
  34  3:18  Overlord  
  34  3:19  Overlord  
  34  3:25  Drone x2  
  36  3:42  Drone x6  
  36  3:43  Drone  
  36  3:45  Lair  
  43  4:01  Spore Crawler x2  
  41  4:03  Spore Crawler  
  41  4:04  Drone x5  
  45  4:11  Extractor  
  44  4:17  Overlord  
  44  4:21  Drone x5  
  44  4:22  Drone x2  
  51  4:28  Spore Crawler  
  50  4:34  Overlord x3  
  50  4:38  Drone x3  
  52  4:43  Glial Reconstitution  
  53  4:46  Extractor  
  53  4:48  Extractor  
  53  4:51  Drone x3  
  53  4:52  Drone x2  
  56  5:02  Drone x2  
  56  5:03  Drone x6  
  56  5:06  Extractor  
  62  5:07  Extractor  
  61  5:16  Drone x4  
  61  5:17  Drone x3  
  68  5:22  Spire  
  68  5:27  Overlord x2  
  67  5:40  Drone x2, Overlord  
  67  5:41  Overlord x2  
  67  5:42  Overseer  
  69  5:45  Overlord  
  69  5:54  Overlord  
  69  6:19  Overseer x2  
  69  6:31  Drone x3  
  69  6:32  Drone  
  73  6:33  Evolution Chamber  
  73  6:35  Mutalisk  
  73  6:36  Evolution Chamber, Mutalisk x9  
  91  6:41  Drone x4  
  91  6:42  Drone x9  
  104  6:53  Roach x6  
  116  6:57  Drone  
  116  6:58  Drone x3  
  116  6:59  Zerg Missile Weapons Level 1  
  120  7:17  Overlord x2  
  120  7:21  Overlord  
  120  7:22  Overlord  
  120  7:24  Zerg Ground Armor Level 1  
  119  7:36  Roach  
  123  7:37  Roach x8  
  137  7:48  Roach x4  
  137  7:49  Roach x4  
  145  8:11  Roach x4  
  153  8:15  Burrow  
  153  8:17  Overlord  
  153  8:29  Overlord  
  153  8:30  Overlord x2  
  153  8:42  Extractor  
  153  8:43  Hatchery  
  153  8:44  Extractor  
  134  9:02  Hydralisk Den  
  134  9:05  Roach x2  
  134  9:06  Roach x15  
  155  9:26  Infestation Pit  
  154  9:34  Drone  
  154  9:35  Drone x13  
  168  9:41  Hatchery  
  168  9:43  Tunneling Claws  
  167  9:48  Overlord  
  167  9:49  Overlord x2  
  167  9:54  Hatchery  
  167  9:55  Hydralisk x6  
  167  9:57  Extractor  
  167  9:58  Muscular Augments  
  176  10:08  Spore Crawler  
  176  10:11  Corruptor x4  
  176  10:12  Corruptor x4  
  184  10:59  Hydralisk  
  184  11:00  Hydralisk x8  
  198  11:10  Overlord  
  130  12:06  Overlord x2  
  128  12:46  Hydralisk x6  
  128  12:59  Hatchery  
  127  13:11  Spawning Pool  
  127  13:12  Hatchery  
  99  13:43  Hatchery x2  
  99  14:02  Overlord x2  
  99  14:03  Overlord x2  
  99  14:29  Hatchery  
  99  15:49  Roach Warren  
Tags
 
Add a new tag
Caveats
  • Supply blocks, unpowered buildings, or Contaminate may cause inaccurate times.
  • Supply counts are checked every 10 seconds.